 Dungeon Crawl Stone Soup version 0.19.0-19-g8c6edcc (webtiles) character file.

80 Haldmier the Slasher (level 4, 0/29 HPs)
             Began as a High Elf Skald on Nov 12, 2016.
             Killed by nerve-wracking pain
             ... invoked by a shadow imp
             ... summoned by Natasha
              (6 damage)
             ... on level 2 of the Dungeon.
             The game lasted 00:06:16 (1689 turns).

Haldmier the Slasher (High Elf Skald)               Turns: 1689, Time: 00:06:16

Health: 0/29       AC:  6    Str: 12    XL:     4   Next: 18%
Magic:  1/8        EV: 11    Int: 16    God:
Gold:   182        SH:  0    Dex: 14    Spells: 3 memorised, 1 level left

rFire  . . .     SeeInvis .     a - +0 falchion
rCold  . . .     Gourm    .     b - +0 leather armour
rNeg   . . .     Faith    .     (no shield)
rPois  .         Spirit   .     t - +0 helmet
rElec  .         Reflect  .     j - +0 cloak
rCorr  .         Harm     .     (no gloves)
MR     .....                    w - +0 pair of boots (curse)
Stlth  +.........               (no amulet)
                                (no ring)
                                (no ring)

@: no status effects
A: no striking features
a: no special abilities


You were on level 2 of the Dungeon.
You were not hungry.

You visited 1 branch of the dungeon, and saw 2 of its levels.

You collected 182 gold pieces.

Inventory:

Hand Weapons
 a - a +0 falchion (weapon)
 o - a +0 hunting sling
Missiles
 p - 49 stones (quivered)
Armour
 b - a +0 leather armour (worn)
 g - a +0 ring mail
 j - a +0 cloak (worn)
 t - a +0 helmet (worn)
 w - a cursed +0 pair of boots (worn)
Jewellery
 v - an uncursed amulet of the gourmand {unknown}
Scrolls
 e - a scroll of fog {unknown}
 h - 2 scrolls of identify {unknown}
 i - a scroll of remove curse {unknown}
 q - a scroll of enchant weapon {unknown}
 y - a scroll of teleportation {unknown}
Potions
 l - 2 potions of degeneration {unknown}
 m - a potion of brilliance {unknown}
 n - a potion of flight {unknown}
 s - a potion of lignification {unknown}
 u - a potion of resistance {unknown}
Books
 c - a book of Battle

   Spells                             Type                      Level
   a - Infusion                       Charms                       1
   b - Shroud of Golubria             Charms/Translocation         2
   c - Song of Slaying                Charms                       2
   d - Spectral Weapon                Hexes/Charms                 3
   e - Regeneration                   Charms/Necromancy            3
 r - a book of Maledictions

   Spells                             Type                      Level
   a - Corona                         Hexes                        1
   b - Ensorcelled Hibernation        Hexes/Ice                    2
   c - Confuse                        Hexes                        3
   d - Tukima's Dance                 Hexes                        3
   e - Dazzling Spray                 Conjuration/Hexes            3
Comestibles
 d - 2 bread rations
 f - a meat ration
 k - 2 fruits
 x - 2 chunks of flesh


   Skills:
 - Level 2.0 Fighting
 + Level 4.4 Long Blades
 - Level 0.8 Armour
 - Level 1.1 Dodging
 - Level 2.4 Spellcasting
 + Level 0.6 Hexes
 - Level 3.6 Charms
 - Level 2.2 Translocations


You had one spell level left.
You knew the following spells:

 Your Spells              Type           Power        Failure   Level  Hunger
a - Infusion              Chrm           ##..         8%          1    #......
b - Shroud of Golubria    Chrm/Tloc      ##........   12%         2    ###....
c - Spectral Weapon       Hex/Chrm       #.......     34%         3    ###....


Dungeon Overview and Level Annotations

Branches:
Dungeon (2/15)

Altars:
Sif Muna

Annotations:
D:2 Natasha, Terence


Message History

Natasha claws you.
You barely miss Natasha.
Natasha is moderately wounded.
Natasha stares at you and mumbles some strange words.
The magic dart hits you!
You closely miss Natasha.
Natasha is moderately wounded.
You are no longer magically infusing your attacks.
Natasha claws you.
* * * LOW HITPOINT WARNING * * *
Terence hits you with a falchion.
* * * LOW HITPOINT WARNING * * *
Natasha mumbles some strange words.
Natasha mumbles some strange words.
Natasha mumbles some strange words.
Natasha shimmers violently.
Natasha casts a spell.
The shadow imp gestures at you. Pain shoots through your body!
You die...

..##.#.#...# ..........
..##.#.#...# # #.......
..##.#.#...#.# #..... .
.......#...#.#######...####.#
.......#.....................
.......#...##########)##.########
##...............................
##........###.#.#####.##....#####
................@...#.#..........
##....#########.###5#.#.....###..
...###......#.....#.#...<...# #..
...# #.####.#...#.#5#.#..#.####..
...# #.# #.#####.#.#.#..#.......
...# #.# #.......#h#.#..######..
...###.########.###@#.#.........#
.............##..##.#.#..........
.......##.........#.#.###########


You could see a shadow imp.

Vanquished Creatures
  Natasha (D:2)
  2 oozes (D:2)
  2 dart slugs (D:1)
  A leopard gecko (D:1)
  3 bats (D:1)
  3 giant cockroaches (D:1)
  6 hobgoblins
  4 jackals
  2 kobolds
  5 frilled lizards
  6 goblins
  7 rats
42 creatures vanquished.

Notes
Turn   | Place    | Note
-------+----------+-------------------------------------------
     0 | D:1      | Haldmier the High Elf Skald began the quest for the Orb.
     0 | D:1      | Reached XP level 1. HP: 14/14 MP: 4/4
    93 | D:1      | Reached skill level 3 in Long Blades
   192 | D:1      | Reached XP level 2. HP: 17/19 MP: 6/6
   196 | D:1      | Learned a level 2 spell: Shroud of Golubria
   445 | D:1      | Reached skill level 4 in Long Blades
   447 | D:1      | Reached XP level 3. HP: 16/24 MP: 0/7
   650 | D:1      | Reached skill level 1 in Translocations
  1166 | D:2      | Found a deep blue altar of Sif Muna.
  1409 | D:2      | Learned a level 3 spell: Spectral Weapon
  1438 | D:2      | Noticed Natasha
  1446 | D:2      | Killed Natasha
  1446 | D:2      | Reached XP level 4. HP: 14/29 MP: 1/8
  1658 | D:2      | Noticed Natasha
  1663 | D:2      | Noticed Terence
  1689 | D:2      | Killed from afar by a shadow imp

Skill      XL: |  1  2  3 |
---------------+----------+-----
Long Blades    | 3 4 |  4.4
Translocations | 2 |  2.2
Fighting       | |  2.0
Armour         | |  0.8
Dodging        | |  1.1
Spellcasting   | |  2.4
Hexes          | |  0.6
Charms         | |  3.6

Action                   |  1- 3 |  4- 6 || total
-------------------------+-------+-------++-------
Melee: Falchion          |   108 |    11 ||   119
 Cast: Infusion          |    10 |     1 ||    11
       Shroud of Golubri |     1 |     1 ||     2
 Stab: Sleeping          |     1 |       ||     1
  Eat: Chunk             |     2 |     1 ||     3
Armor: Leather armour    |    29 |     2 ||    31
Dodge: Dodged            |    58 |     3 ||    61
       Rpst.: Falchion   |    16 |     1 ||    17
